 Dungeon Crawl Stone Soup version 0.21-a0-110-g8e1637b (webtiles) character file.

48 Manul the Sneak (level 3, -5/27 HPs)
             Began as a Vampire Assassin on July 9, 2017.
             Killed from afar by Natasha (7 damage)
             ... with a magic dart
             ... on level 2 of the Dungeon.
             The game lasted 00:01:03 (1717 turns).

Manul the Sneak (Vampire Assassin)                  Turns: 1717, Time: 00:01:03

Health: -5/27      AC:  3    Str: 10    XL:     3   Next: 50%
Magic:  3/3        EV: 12    Int: 13    God:
Gold:   88         SH:  0    Dex: 16    Spells: 2/2 levels left

rFire    . . .     SeeInvis +   a - +2 dagger
rCold    + . .     Gourm    .   (no shield)
rNeg     + + .     Faith    .   c - +0 robe
rPois    +         Spirit   .   (no helmet)
rElec    .         Reflect  .   d - +0 cloak
rCorr    .         Harm     .   (no gloves)
MR       .....                  (no boots)
Stlth    +++++.....             (no amulet)
HPRegen  0.04/turn              n - ring of flight
MPRegen  0.08/turn              (no ring)

@: regenerating slowly
A: fangs 3, see invisible, unbreathing
a: Bat Form, Evoke Flight


You were on level 2 of the Dungeon.
You were near bloodless.

You visited 1 branch of the dungeon, and saw 2 of its levels.

You collected 88 gold pieces.

Inventory:

Hand Weapons
 a - a +2 dagger (weapon)
 b - a +0 blowgun
Missiles
 e - 21 poisoned needles
 f - 2 curare-tipped needles
Armour
 c - a +0 robe (worn)
 d - a +0 cloak (worn)
Jewellery
 n - a ring of flight (left hand)
Scrolls
 h - 3 scrolls of remove curse {unknown}
 j - a scroll of magic mapping {unknown}
 l - 2 scrolls of identify {unknown}
 m - a scroll of teleportation {unknown}
 o - a scroll of enchant weapon {unknown}
 p - a scroll of fog {unknown}
Potions
 g - 17 potions of blood
 i - a potion of degeneration {unknown}
 k - a potion of haste {unknown}


   Skills:
 + Level 2.0 Fighting
 + Level 2.6 Short Blades
 + Level 1.6 Throwing
 + Level 1.4 Dodging
 + Level 7.2 Stealth


You had 2 spell levels left.
You didn't know any spells.

Dungeon Overview and Level Annotations

Branches:
Dungeon (2/15)

Altars:
Sif Muna
Trog

Annotations:
D:2 Natasha


Innate Abilities, Weirdness & Mutations

You heal slowly.
You have razor-sharp teeth.
You have supernaturally acute eyesight. (SInv)
You can survive without breathing.


Message History

You are too injured to fight recklessly!
You are too injured to fight recklessly!
You are too injured to fight recklessly!
You are too injured to fight recklessly!
You are too injured to fight recklessly!
You are too injured to fight recklessly!
You are too injured to fight recklessly!
You are too injured to fight recklessly!
You are too injured to fight recklessly!
Natasha mumbles some strange words.
Natasha extends her claws.
Natasha casts a spell at you. The magic dart hits you!
* * * LOW HITPOINT WARNING * * *
The shadow imp gestures at you.
You are unaffected.
There is a stone staircase leading up here.
Natasha casts a spell at you. The magic dart hits you!
You die...

#.###......#..............####
.........#..(..............## #
#.###........##.........##..#
## #.#
##..#.†#............###.####.
#.#
#....##.#..........###......
#.#
#...####.#............#.....#
####....#
#................###..
##...######....................
.............h@.......#........
$..#######..5..#......######...
#...........#.######## #...
##..$.....w..#.# ####
#............#.#
#.........####..
##...)..........
#........######. #........#


You could see a worm, Natasha and a shadow imp.

Vanquished Creatures
  An ooze (D:2)
  A worm (D:2)
  2 dart slugs (D:1)
  A leopard gecko (D:2)
  A ball python (D:1)
  7 bats
  2 giant cockroaches (D:2)
  2 goblins (D:2)
  6 hobgoblins (D:1)
  A quokka (D:2)
  2 frilled lizards
  7 kobolds
  2 rats (D:2)
35 creatures vanquished.

Notes
Turn   | Place    | Note
-------+----------+-------------------------------------------
     0 | D:1      | Manul the Vampire Assassin began the quest for the Orb.
     0 | D:1      | Reached XP level 1. HP: 16/16 MP: 1/1
    41 | D:1      | Reached skill level 6 in Stealth
   365 | D:1      | Reached XP level 2. HP: 22/22 MP: 2/2
   840 | D:1      | Reached skill level 7 in Stealth
  1097 | D:2      | Reached XP level 3. HP: 12/27 MP: 3/3
  1546 | D:2      | Found a bloodstained altar of Trog.
  1553 | D:2      | Found a deep blue altar of Sif Muna.
  1701 | D:2      | Noticed Natasha
  1717 | D:2      | Killed from afar by Natasha

Vault maps used:
D:1:      minmay_arrival_doors
D:2:      lemuel_doored_altar, bloody_trog, uniq_natasha

Skill      XL: |  1  2 |
---------------+-------+-----
Stealth        | 6 7 |  7.2
Fighting       | 2 |  2.0
Short Blades   | |  2.6
Throwing       | |  1.6
Dodging        | |  1.4

Action                   || total
-------------------------++-------
Melee: Dagger            ||    86
       Bite              ||     4
 Stab: Sleeping          ||    14
Armor: Robe              ||    13
Dodge: Dodged            ||    39
